 Dungeon Crawl Stone Soup version 0.30-a0-465-g8901f6c8b5 (webtiles) character file.

Game seed: 16796251563562599726

3096 ryw the Grappler (level 9, -6/85 HPs)
             Began as a Troll Gladiator on Dec 18, 2022.
             Was a Follower of Ru.
             Mangled by a gnoll
             ... wielding a +0 whip
              (7 damage)
             ... on level 7 of the Dungeon.
             The game lasted 00:12:31 (5885 turns).

ryw the Grappler (Troll Gladiator)                  Turns: 5885, Time: 00:12:31

Health: -6/85      AC:  1    Str: 28    XL:     9   Next: 59%
Magic:  11/11      EV:  9    Int: 10    God:    Ru [*.....]
Gold:   469        SH:  9    Dex: 11    Spells: 11/12 levels left

rFire   + + .      SeeInvis .      - Unarmed
rCold   . . .      Faith    .    h - +1 kite shield of Hide-and-Seek {rF++}
rNeg    . . .      Spirit   .    a - +0 robe
rPois   +          Reflect  .    b - +1 hat
rElec   .          Harm     .    (no cloak)
rCorr   .          Rampage  .    (gloves unavailable)
Will    .....                    (boots unavailable)
Stlth   +.........               (no amulet)
HPRegen 1.14/turn                j - ring of poison resistance
MPRegen 0.12/turn                l - +6 ring of intelligence

@: corroded
A: large, unfitting armour, claws 3, regeneration 1, shaggy fur 1, tough skin 1,
weak-willed 1
a: Renounce Religion


You were on level 7 of the Dungeon.
You worshipped Ru.
Ru was aware of your devotion.
You visited 1 branch of the dungeon, and saw 8 of its levels.

You collected 469 gold pieces.

Inventory:

Missiles
 c - 4 throwing nets (quivered)
 g - 4 javelins
 m - 9 large rocks
Armour
 a - a +0 robe (worn)
 b - a +1 hat (worn)
 h - the +1 kite shield of Hide-and-Seek (worn) {rF++}
   (You acquired it on level 4 of the Dungeon)

   rF:        It greatly protects you from fire.
Jewellery
 j - a ring of poison resistance (left claw)
 l - a +6 ring of intelligence (right claw)
Wands
 d - a wand of flame (13)
 s - a wand of acid (7)
Scrolls
 n - a scroll of amnesia
 o - a scroll of enchant weapon
 q - a scroll of immolation {unknown}
Potions
 e - a potion of attraction
 f - a potion of lignification
 i - 2 potions of heal wounds
 k - a potion of ambrosia
 r - 4 potions of resistance
 t - a potion of cancellation
 u - 3 potions of flight {unknown}
 z - 4 potions of brilliance {unknown}


   Skills:
 + Level 4.5 Fighting
 + Level 4.8 Throwing
 + Level 4.8 Dodging
 + Level 3.5 Shields
 * Level 8.1 Unarmed Combat
 + Level 2.3 Spellcasting
 + Level 2.5 Summonings


You had 11 spell levels left.
You knew the following spells:

 Your Spells              Type           Power      Damage    Failure   Level
a - Summon Small Mammal   Summ           24%        N/A       26%         1

Your spell library contained the following spells:

 Spells                   Type           Power      Damage    Failure   Level
 Call Canine Familiar     Summ           6%         N/A       58%         3
 Summon Guardian Golem    Hex/Summ       3%         N/A       77%         3
 Kindle Blastsparks       Fire/Tloc/Air  2%         2d10      91%         3
 Fulminant Prism          Conj/Hex       0%         3d5       100%        4
 Iskenderun's Mystic Bla  Conj/Tloc      1%         2d3       100%        4
 Lee's Rapid Deconstruct  Erth           0%         3d4*      100%        5
 Summon Forest            Summ/Tloc      1%         N/A       100%        5
 Eringya's Noxious Bog    Tmut/Pois      0%         N/A       100%        6
 Summon Hydra             Summ           3%         N/A       100%        7


Dungeon Overview and Level Annotations

Branches:
Dungeon (8/15)             Temple (0/1) D:6
   Lair: D:8-11

Altars:
Ashenzari
Fedhas
Kikubaaqudgha
Makhleb
Nemelex Xobeh
Qazlal
Ru
Sif Muna


Innate Abilities, Weirdness & Mutations

You are too large for most types of armour.
You have claws for hands.
Your natural rate of healing is unusually fast.
You are covered in fur. (AC +1)
You have tough skin. (AC +1)
You are slightly weak-willed. (Will-)


Message History

You closely miss the bullfrog.
The bullfrog is moderately wounded.
The acid dragon spits acid at you. The splash of acid hits you!!
The gnoll hits you from afar with a +0 halberd!
You block the gnoll's attack. x2; The bullfrog hits you.
You hear a shout!
The gnoll attacks as you move away! You block the gnoll's attack.
The gnoll hits you with a +0 whip.
* * * LOW HITPOINT WARNING * * *
The bullfrog hits you!
* * * LOW HITPOINT WARNING * * *
The gnoll attacks as you move away! The gnoll hits you with a +0 whip.
* * * LOW HITPOINT WARNING * * *
You block the bullfrog's attack. The bullfrog attacks as you move away!
The bullfrog hits you.
* * * LOW HITPOINT WARNING * * *
The gnoll attacks as you move away! The gnoll hits you with a +0 club.
* * * LOW HITPOINT WARNING * * *
The bullfrog attacks as you move away! The bullfrog hits you.
* * * LOW HITPOINT WARNING * * *
The bullfrog completely misses you.
There is a stone staircase leading up here.
The gnoll hits you from afar with a +0 halberd.
* * * LOW HITPOINT WARNING * * *
The gnoll is stunned by your conviction and fails to attack. x2
The bullfrog closely misses you.
You climb upwards.
There is a stone staircase leading down here.
Unknown command.
The gnoll attacks as you move away! You block the gnoll's attack.
The gnoll attacks as you move away! The gnoll hits you with a +0 club!
* * * LOW HITPOINT WARNING * * *
The bullfrog hits you.
* * * LOW HITPOINT WARNING * * *
The bullfrog closely misses you. The bullfrog attacks as you move away!
The bullfrog hits you.
* * * LOW HITPOINT WARNING * * *
The gnoll attacks as you move away! The gnoll hits you with a +0 whip!
You die...

............>##.#.## ##
###...##.......###.## #.
###.###......## ##.############.
#...........## ##.............
#.#......###.## ##<##.......####
#.#.#.........###.###.#####.#
##..#.#..†#####.#......# #.#
##.###.#..# #.gg###### #.#
)...#.###.#####.@F# ### #.#
)....###.....##...######.###.####
#..#......##.##......†...........
#.##.#.#..##.##.#..#####.###.####
#.##.#.#..##.##.#..# ### #.#
.............##.#..# #.#
.#.#......#..##.#..# #.#
###)##.............# #.####
...#............#.## #.....


You could see a bullfrog and 2 gnolls.

Vanquished Creatures
  Pikel (D:6)
  An oklob plant (D:5)
  Prince Ribbit (D:5)
  A steam dragon (D:7)
  Duvessa (D:5)
  An orc warrior (D:7)
  2 black bears
  3 ogres (D:5)
  A sky beast (D:7)
  A kobold brigand (D:8)
  A bullfrog (D:6)
  A necrophage (D:6)
  A scorpion (D:7)
  Dowan (D:5)
  2 howler monkeys (D:7)
  3 orc priests
  A gnoll bouda (D:4)
  3 hounds
  3 jellies
  6 iguanas
  3 orc wizards
  A hound skeleton (D:6)
  9 gnolls
  8 adders
  A shadow imp (D:7)
  A white imp (D:7)
  2 worms (D:3)
  3 dart slugs
  18 orcs
  5 ball pythons
  14 endoplasms
  2 giant cockroaches (D:3)
  5 goblins
  2 hobgoblins (D:2)
  3 jackals (D:2)
  3 quokkas
  7 bats
  A frilled lizard (D:2)
  15 kobolds
138 creatures vanquished.

Vanquished Creatures (others)
  24 fungi
  35 plants
  21 toadstools
80 creatures vanquished.

Grand Total: 218 creatures vanquished

Notes
Turn   | Place    | Note
-------+----------+-------------------------------------------
     0 | D:1      | ryw the Troll Gladiator began the quest for the Orb.
     0 | D:1      | Reached XP level 1. HP: 19/19 MP: 0/0
   130 | D:1      | Reached XP level 2. HP: 25/28 MP: 1/1
   695 | D:2      | Reached XP level 3. HP: 32/35 MP: 2/2
   697 | D:2      | Learned a level 1 spell: Summon Small Mammal
  1642 | D:3      | Reached XP level 4. HP: 42/42 MP: 3/3
  1891 | D:3      | Found an ancient bone altar of Kikubaaqudgha.
  2286 | D:4      | Found a stormy altar of Qazlal.
  2383 | D:4      | Reached skill level 4 in Unarmed Combat
  2519 | D:4      | Reached XP level 5. HP: 47/49 MP: 4/4
  2642 | D:4      | Reached skill level 1 in Summonings
  2708 | D:4      | Found a sacrificial altar of Ru.
  2718 | D:4      | Became a worshipper of Ru the Awakened
  2802 | D:4      | Reached XP level 6. HP: 49/59 MP: 6/6
  2811 | D:4      | HP: 2/59 [gnoll/+0 flail[a gnoll bouda] (10)]
  2919 | D:4      | Found a broken altar of Ashenzari.
  3118 | D:4      | Reached skill level 1 in Spellcasting
  3431 | D:4      | Identified a scroll of acquirement
  3431 | D:4      | Acquired the +1 kite shield of Hide-and-Seek {rF++}
  3477 | D:5      | Entered Level 5 of the Dungeon
  3491 | D:5      | Reached skill level 5 in Unarmed Combat
  3517 | D:5      | Reached XP level 7. HP: 66/66 MP: 7/7
  3742 | D:5      | Reached skill level 1 in Shields
  3746 | D:5      | Noticed Dowan
  3748 | D:5      | Noticed Duvessa
  3821 | D:5      | Killed Duvessa
  3836 | D:5      | Killed Dowan
  3837 | D:5      | Reached XP level 8. HP: 63/75 MP: 9/9
  3848 | D:5      | Noticed Prince Ribbit
  4058 | D:5      | Killed Prince Ribbit
  4059 | D:5      | Reached skill level 6 in Unarmed Combat
  4124 | D:5      | Found the +6 shillelagh "Devastator" {shatter}
  4212 | D:5      | Found a blossoming altar of Fedhas.
  4230 | D:5      | Noticed an oklob plant
  4245 | D:5      | Killed an oklob plant
  4396 | D:6      | Gained mutation: You are slightly weak-willed. (Will-) [Ru
                  | sacrifice]
  4396 | D:6      | Reached * piety under Ru
  4434 | D:6      | Found a burning altar of Makhleb.
  4440 | D:6      | Reached skill level 7 in Unarmed Combat
  4551 | D:6      | Noticed Pikel
  4557 | D:6      | Killed Pikel
  4558 | D:6      | Reached XP level 9. HP: 73/84 MP: 11/11
  4626 | D:6      | Found a staircase to the Ecumenical Temple.
  4659 | D:6      | Found a sparkling altar of Nemelex Xobeh.
  4717 | D:6      | Found a shimmering blue altar of Sif Muna.
  5516 | D:7      | Reached skill level 8 in Unarmed Combat
  5884 | D:7      | HP: 4/85 [gnoll/+0 club (7)]
  5885 | D:7      | HP: 1/85 [bullfrog (1)]
  5885 | D:7      | Mangled by a gnoll

Illustrated notes

Levels and vault maps discovered:
D:1:      lightli_molten_gateway, layout_basic
D:2:      layout_basic, minmay_split_cup_large
D:3:      layout_loops_corners, mainiacjoe_overflow_alcove_2
D:4:      cheibrodos_fertilizer, layout_loops_ring,
          mainiacjoe_overflow_tiny_flanked, nicolae_ru_awakened_eye,
          grunt_qazlal_sundering, serial_bayou_pond_d,
          chequers_decorated_corner, minmay_misc_feat_columns,
          chequers_serial_rivers_marsh
D:5:      layout_rooms, tgw_fedhas, dilly_guarded_unrand_devastator,
          uniq_duvessa, uniq_prince_ribbit1
D:6:      layout_loops_ring, nicolae_sif_muna_little_library,
          overflow_temple_1_default, makhleb_blood_cavern_becter,
          minmay_temple_entry_statues_pillars,
          nicolae_concentric_dashed_squares_wild, uniq_pikel
D:7:      layout_loops_ring, chequers_serial_rivers_micro_b, minivault_1
D:8:      layout_rooms, minmay_misc_feat_roman, small_chamber_with_monster

Skill      XL: |  1  2  3  4  5  6  7  8  9 |
---------------+----------------------------+-----
Throwing       | 2 3 4 |  4.8
Fighting       | 2 3 4 |  4.5
Unarmed Combat | 4 5 7 8 |  8.1
Dodging        | 3 4 |  4.8
Summonings     | 1 2 |  2.5
Spellcasting   | 1 2 |  2.3
Shields        | 1 3 |  3.5

Action                   |  1- 3 |  4- 6 |  7- 9 || total
-------------------------+-------+-------+-------++-------
Melee: Unarmed           |    67 |   156 |   206 ||   429
       Punch             |     2 |     2 |       ||     4
Throw: Javelin           |       |       |     6 ||     6
       Throwing net      |       |       |     3 ||     3
       Large rock        |       |       |     1 ||     1
 Cast: Summon Small Mamm |       |     3 |     1 ||     4
Invok: Sacrifice Essence |       |       |     1 ||     1
  Use: Scroll            |     4 |    11 |     3 ||    18
       Potion            |       |       |     2 ||     2
 Stab: Sleeping          |     3 |     2 |       ||     5
       Invisible         |       |       |     1 ||     1
Armor: Robe              |    23 |    58 |    39 ||   120
Dodge: Dodged            |    27 |    68 |    55 ||   150
Block: Kite shield       |       |     8 |    65 ||    73

Table legend: (Time is in decaauts)
 A = Elapsed time spent in this place.
 B = Non-inter-level travel time spent in this place.
 C = Inter-level travel time spent in this place.
 D = Time resting spent in this place.
 E = Time spent auto-exploring this place.
 F = Levels seen in this place.
 G = Mean time per level.
                   A        B        C        D        E       F      G
               +--------+--------+--------+--------+--------+-----+--------+
         Total |   5886 |   5526 |    360 |    199 |   4201 |   8 |  735.8 |
       Dungeon |   5886 |   5526 |    360 |    199 |   4201 |   8 |  735.8 |
               +--------+--------+--------+--------+--------+-----+--------+

Top non-repeatable levels by time:
     D:4: 1307 daAuts
     D:3: 928 daAuts
     D:2: 906 daAuts
     D:7: 716 daAuts
     D:6: 710 daAuts
     D:5: 706 daAuts
     D:1: 532 daAuts
     D:8: 77 daAuts
